 Dungeon Crawl Stone Soup version 0.28-a0-313-gbc0475efdd (webtiles) character file.

Game seed: 10557841143777985718

1302 frimble the Chiller (level 8, -4/58 HPs)
             Began as a Gnoll Ice Elementalist on Sept 1, 2021.
             Was an Initiate of Cheibriados.
             Slain by a black bear (6 damage)
             ... on level 6 of the Dungeon.
             The game lasted 00:07:38 (8887 turns).

frimble the Chiller (Gnoll Ice Elementalist)        Turns: 8887, Time: 00:07:38

Health: -4/58      AC:  3    Str:  9    XL:     8   Next: 57%
Magic:  16/17      EV: 14    Int: 17    God:    Cheibriados [......]
Gold:   277        SH:  0    Dex: 14    Spells: 12/19 levels left

rFire   . . .      SeeInvis .   f - +1 dagger
rCold   . . .      Faith    .   (no shield)
rNeg    . . .      Spirit   .   a - +0 robe
rPois   .          Reflect  .   (no helmet)
rElec   .          Harm     .   (no cloak)
rCorr   .          Rampage  .   (no gloves)
Will    .....                   r - +0 pair of boots
Stlth   +++.......              (no amulet)
HPRegen 0.19/turn               (no ring)
MPRegen 0.15/turn               (no ring)

@: very slow
A: fangs 1, strong nose, distributed training
a: Renounce Religion, Bend Time


You were on level 6 of the Dungeon.
You worshipped Cheibriados.
Cheibriados was noncommittal.
You visited 2 branches of the dungeon, and saw 7 of its levels.

You collected 430 gold pieces.
You spent 153 gold pieces at shops.

Inventory:

Hand Weapons
 f - a +1 dagger (weapon)
Missiles
 l - 6 poisoned darts (quivered)
Armour
 a - a +0 robe (worn)
 k - a +0 kite shield
 r - a +0 pair of boots (worn)
Magical Staves
 o - a staff of air
Jewellery
 p - a ring of fire
 q - an amulet of guardian spirit
 u - a ring of ice
 v - an amulet of regeneration
 A - a +6 ring of intelligence
Wands
 x - a wand of acid (9)
Scrolls
 e - 3 scrolls of teleportation
 m - 2 scrolls of magic mapping
 s - a scroll of identify
 t - 2 scrolls of blinking
Potions
 b - a potion of ambrosia {unknown}
 c - a potion of mutation
 d - a potion of flight
 g - 3 potions of might
 h - a potion of brilliance
 j - 2 potions of curing {unknown}
 z - a potion of berserk rage {unknown}
 C - a potion of lignification {unknown}
 D - a potion of invisibility {unknown}


   Skills:
 + Level 3.4 Fighting
 + Level 3.4 Short Blades
 + Level 3.4 Long Blades
 + Level 3.4 Axes
 + Level 3.4 Maces & Flails
 + Level 3.4 Polearms
 + Level 3.4 Staves
 + Level 3.4 Slings
 + Level 3.4 Bows
 + Level 3.4 Crossbows
 + Level 3.4 Throwing
 + Level 3.4 Armour
 + Level 5.7 Dodging
 + Level 5.4 Stealth
 + Level 3.4 Shields
 + Level 3.4 Unarmed Combat
 + Level 6.1 Spellcasting
 + Level 2.7 Conjurations
 + Level 2.7 Hexes
 + Level 2.7 Summonings
 + Level 2.7 Necromancy
 + Level 2.7 Translocations
 + Level 2.7 Transmutations
 + Level 2.7 Fire Magic
 + Level 7.7 Ice Magic
 + Level 2.7 Air Magic
 + Level 2.7 Earth Magic
 + Level 2.7 Poison Magic
 + Level 3.7 Invocations
 + Level 3.4 Evocations


You had 12 spell levels left.
You knew the following spells:

 Your Spells              Type           Power      Damage    Failure   Level
a - Freeze                Ice            100%       1d11      1%          1
b - Frozen Ramparts       Ice            62%        1d8       1%          3
c - Ozocubu's Armour      Ice            31%        N/A       1%          3

Your spell library contained the following spells:

 Spells                   Type           Power      Damage    Failure   Level
 Hailstorm                Conj/Ice       23%        3d7       14%         4


Dungeon Overview and Level Annotations

Branches:
Dungeon (6/15)             Temple (1/1) D:4

Altars:
Ashenzari
Cheibriados
Dithmenos
Elyvilon
Gozag
Hepliaklqana
Kikubaaqudgha
Makhleb
Nemelex Xobeh
Okawaru
Qazlal
Ru
Sif Muna
Uskayaw
Vehumet
Wu Jian
Yredelemnul
Zin
The Shining One

Shops:
D:4 [   D:6 *:?

Annotations:
D:3 1 runed translucent door, Crazy Yiuf


Innate Abilities, Weirdness & Mutations

You have very sharp teeth.
Your uncanny sense of smell can sniff out nearby items.
Your experience applies equally to all skills.


Message History

The hound closely misses you.
Casting: Ozocubu's Armour (safe; 1% risk of failure)
Confirm with . or Enter, or press ? or * to list all spells.
Casting: Frozen Ramparts (safe; 1% risk of failure)
Press: ? - help, Dir - look around, f - activate The walls around you are covered in ice.
The wall freezes the hound.
The hound bites you.
The wall freezes the hound.
The hound bites you.
The wall freezes the black bear.
The wall freezes the hound.
The hound misses you.
The wall freezes the hound.
The hound closely misses you.
The wall freezes the hound.
The hound misses you.
The wall freezes the black bear!
The wall freezes the hound.
You kill the hound!
Cheibriados appreciates the change of pace.
The wall freezes the black bear.
The black bear bites you.
The black bear claws you but does no damage.
The black bear closely misses you.
The wall freezes the black bear.
The black bear barely misses you. The black bear closely misses you.
The black bear claws you.
The wall freezes the black bear.
The black bear bites you. The black bear misses you.
The black bear claws you but does no damage.
The wall freezes the black bear.
The black bear goes berserk!
The wall freezes the black bear but does no damage.
The black bear bites you. The black bear misses you.
The black bear closely misses you.
The frozen ramparts melt away.
The black bear closely misses you. The black bear claws you.
The black bear closely misses you. The black bear completely misses you.
The black bear misses you. The black bear claws you. The black bear bites you.
The black bear barely misses you. The black bear claws you.
* * * LOW HITPOINT WARNING * * *
The black bear bites you!
* * * LOW HITPOINT WARNING * * *
The black bear closely misses you. The black bear claws you.
* * * LOW HITPOINT WARNING * * *
The black bear bites you.
You die...

#.....# #.....##
###......##.
#.#.........
###........>...
#............>..
###.........)......
#####h.............
####...@####..........
........##.............
##......#...............
........................
##########..............
... #.#...##....... ###
#.#.#..#....... #
#..###.........
#.#.###........##


You could see a black bear (berserk).

Vanquished Creatures
  A hornet (D:5)
  Sigmund (D:4)
  2 necrophages
  A black bear (D:4)
  A phantom (D:6)
  2 scorpions
  A howler monkey (D:4)
  A centaur zombie (D:5)
  4 hounds
  A bullfrog skeleton (D:6)
  An orc priest (D:4)
  2 centaur skeletons (D:6)
  2 iguanas (D:4)
  2 hound skeletons
  2 adders
  A shadow imp (D:5)
  An ufetubus (D:6)
  2 worms
  3 dart slugs
  11 orcs
  9 ball pythons
  5 bats
  6 endoplasms
  2 giant cockroaches (D:4)
  3 goblins
  9 hobgoblins
  8 jackals
  8 kobolds
  7 quokkas
  3 frilled lizards
  A quokka skeleton (D:4)
  6 rats
109 creatures vanquished.

Notes
Turn   | Place    | Note
-------+----------+-------------------------------------------
     0 | D:1      | frimble the Gnoll Ice Elementalist began the quest for the
                  | Orb.
     0 | D:1      | Reached XP level 1. HP: 13/13 MP: 6/6
   221 | D:1      | Reached XP level 2. HP: 9/19 MP: 2/7
   720 | D:1      | Found a faded altar of an unknown god.
  1364 | D:1      | Reached XP level 3. HP: 16/25 MP: 6/9
  1373 | D:1      | Reached skill level 5 in Spellcasting
  2024 | D:2      | Reached skill level 1 in Invocations
  2460 | D:2      | Reached skill level 1 in Fighting
  2460 | D:2      | Reached skill level 1 in Short Blades
  2460 | D:2      | Reached skill level 1 in Long Blades
  2460 | D:2      | Reached skill level 1 in Axes
  2460 | D:2      | Reached skill level 1 in Maces & Flails
  2460 | D:2      | Reached skill level 1 in Polearms
  2460 | D:2      | Reached skill level 1 in Staves
  2460 | D:2      | Reached skill level 1 in Slings
  2460 | D:2      | Reached skill level 1 in Bows
  2460 | D:2      | Reached skill level 1 in Crossbows
  2460 | D:2      | Reached skill level 1 in Throwing
  2460 | D:2      | Reached skill level 1 in Armour
  2460 | D:2      | Reached skill level 1 in Shields
  2460 | D:2      | Reached skill level 1 in Unarmed Combat
  2460 | D:2      | Reached skill level 1 in Evocations
  2797 | D:2      | Reached XP level 4. HP: 25/32 MP: 8/11
  3304 | D:3      | Learned a level 3 spell: Frozen Ramparts
  3308 | D:3      | Learned a level 3 spell: Ozocubu's Armour
  3792 | D:3      | Reached skill level 1 in Conjurations
  3792 | D:3      | Reached skill level 1 in Hexes
  3792 | D:3      | Reached skill level 1 in Summonings
  3792 | D:3      | Reached skill level 1 in Necromancy
  3792 | D:3      | Reached skill level 1 in Translocations
  3792 | D:3      | Reached skill level 1 in Transmutations
  3792 | D:3      | Reached skill level 1 in Fire Magic
  3792 | D:3      | Reached skill level 1 in Air Magic
  3792 | D:3      | Reached skill level 1 in Earth Magic
  3792 | D:3      | Reached skill level 1 in Poison Magic
  4175 | D:3      | Found a runed translucent door.
  4176 | D:3      | Noticed Crazy Yiuf
  4536 | D:4      | Reached XP level 5. HP: 17/37 MP: 3/12
  4752 | D:4      | Found Meupnit's Antique Armour Shoppe.
  4773 | D:4      | Noticed a black bear
  4783 | D:4      | Killed a black bear
  4784 | D:4      | Reached XP level 6. HP: 21/44 MP: 11/13
  4995 | D:5      | Entered Level 5 of the Dungeon
  5021 | D:4      | Reached skill level 5 in Dodging
  5123 | D:4      | Found a staircase to the Ecumenical Temple.
  5130 | D:4      | Noticed Sigmund
  5144 | D:4      | Killed Sigmund
  5145 | D:4      | Reached XP level 7. HP: 33/50 MP: 7/15
  5356 | D:4      | Found a sacrificial altar of Ru.
  5360 | D:4      | Found a glowing golden altar of the Shining One.
  5363 | D:4      | Found a hide-covered altar of Uskayaw.
  5769 | Temple   | Entered the Ecumenical Temple
  5829 | Temple   | Became a worshipper of Cheibriados the Contemplative
  6764 | D:5      | Reached skill level 5 in Stealth
  7229 | D:5      | Noticed a hornet
  7235 | D:5      | Killed a hornet
  7236 | D:5      | Reached XP level 8. HP: 38/57 MP: 14/16
  7949 | D:6      | Found Camyekhlu's Magic Scroll Boutique.
  8059 | D:6      | Bought a scroll of teleportation for 45 gold pieces
  8059 | D:6      | Bought a scroll of magic mapping for 52 gold pieces
  8358 | D:6      | Found Ososhrog's Book Boutique.
  8359 | D:6      | Found Hywnaet's Assorted Antiques.
  8551 | D:6      | Bought a scroll labelled ZUUPEL YM JOYSHONE for 20 gold
                  | pieces
  8551 | D:6      | Bought an emerald potion for 18 gold pieces
  8551 | D:6      | Bought a ruby potion for 18 gold pieces
  8887 | D:6      | HP: 2/58 [black bear (2)]
  8887 | D:6      | Slain by a black bear

Illustrated notes

Levels and vault maps discovered:
D:1:      wander_arrival_chamber, layout_basic, ebering_ecumenical_altar_rust
D:2:      layout_basic, minmay_misc_feat_four_crosses
D:3:      layout_basic, uniq_crazy_yiuf_cottage
D:4:      layout_cave_pools, grunt_temple_overflow_open,
          minmay_temple_entry_crystal_x, serial_shops, shop, uniq_sigmund
D:5:      layout_gridville
D:6:      layout_cave_pools, serial_shops, shop, shop,
          nicolae_inconvenience_store, shop_statue, uniq_duvessa
Temple:   nicolae_temple_x_marks_the_god

Skill      XL: |  1  2  3  4  5  6  7  8 |
---------------+-------------------------+-----
Spellcasting   | 5 6 |  6.1
Invocations    | 1 2 3 |  3.7
Fighting       | 1 2 3 |  3.4
Short Blades   | 1 2 3 |  3.4
Long Blades    | 1 2 3 |  3.4
Axes           | 1 2 3 |  3.4
Maces & Flails | 1 2 3 |  3.4
Polearms       | 1 2 3 |  3.4
Staves         | 1 2 3 |  3.4
Slings         | 1 2 3 |  3.4
Bows           | 1 2 3 |  3.4
Crossbows      | 1 2 3 |  3.4
Throwing       | 1 2 3 |  3.4
Armour         | 1 2 3 |  3.4
Shields        | 1 2 3 |  3.4
Unarmed Combat | 1 2 3 |  3.4
Evocations     | 1 2 3 |  3.4
Conjurations   | 1 2 |  2.7
Hexes          | 1 2 |  2.7
Summonings     | 1 2 |  2.7
Necromancy     | 1 2 |  2.7
Translocations | 1 2 |  2.7
Transmutations | 1 2 |  2.7
Fire Magic     | 1 2 |  2.7
Air Magic      | 1 2 |  2.7
Earth Magic    | 1 2 |  2.7
Poison Magic   | 1 2 |  2.7
Dodging        | 5 |  5.7
Stealth        | 5 |  5.4
Ice Magic      | |  7.7

Action                   |  1- 3 |  4- 6 |  7- 9 || total
-------------------------+-------+-------+-------++-------
Melee: Unarmed           |    98 |    17 |       ||   115
       Bite              |     6 |     2 |    23 ||    31
       Dagger            |       |    40 |   196 ||   236
       Punch             |       |     1 |       ||     1
Throw: Dart              |       |       |     5 ||     5
 Cast: Freeze            |    64 |    34 |    56 ||   154
       Frozen Ramparts   |       |     3 |     6 ||     9
       Ozocubu's Armour  |       |     1 |     2 ||     3
Evoke: Wand              |       |       |     3 ||     3
  Use: Scroll            |     3 |     4 |     5 ||    12
 Stab: Sleeping          |     7 |     9 |     3 ||    19
       Distracted        |       |     1 |       ||     1
Armor: Robe              |    30 |     7 |    87 ||   124
Dodge: Dodged            |   127 |    50 |   265 ||   442

Table legend: (Time is in decaauts)
 A = Elapsed time spent in this place.
 B = Non-inter-level travel time spent in this place.
 C = Inter-level travel time spent in this place.
 D = Time resting spent in this place.
 E = Time spent auto-exploring this place.
 F = Levels seen in this place.
 G = Mean time per level.
                   A        B        C        D        E       F      G
               +--------+--------+--------+--------+--------+-----+--------+
         Total |   9114 |   8868 |    246 |     21 |   7689 |   7 | 1302.0 |
       Dungeon |   9041 |   8822 |    219 |     21 |   7647 |   6 | 1506.8 |
        Temple |     73 |     47 |     26 |      0 |     42 |   1 |   73.0 |
               +--------+--------+--------+--------+--------+-----+--------+

Top non-repeatable levels by time:
     D:5: 1933 daAuts
     D:1: 1893 daAuts
     D:2: 1325 daAuts
     D:6: 1323 daAuts
     D:3: 1292 daAuts
     D:4: 1272 daAuts
  Temple: 73 daAuts
